 Dungeon Crawl Stone Soup version 0.24.0-37-gcf1ca852f1 (webtiles) character file.

Game seed: 10029461127579900052, levelgen mode: deterministic

16143 Dexcius the Severer (level 12, -1/110 HPs)
             Began as a Minotaur Berserker on Dec 8, 2019.
             Was a High Priest of Trog.
             Slain by a six-headed hydra (5 damage)
             ... on level 2 of the Lair of Beasts.
             The game lasted 00:35:47 (10147 turns).

Dexcius the Severer (Minotaur Berserker)           Turns: 10147, Time: 00:35:48

Health: -1/110     AC: 17    Str: 24    XL:     12   Next: 7%
Magic:  3/3        EV:  5    Int:  6    God:    Trog [*****.]
Gold:   686        SH: 16    Dex: 14    Spells: 11/11 levels left

rFire    . . .     SeeInvis +   u - +0 trident (antimagic)
rCold    . . .     Gourm    .   o - +0 large shield
rNeg     . . .     Faith    .   l - +0 plate armour
rPois    +         Spirit   .   (helmet unavailable)
rElec    .         Reflect  .   i - +0 cloak
rCorr    .         Harm     .   (no gloves)
MR       .....                  x - +0 pair of boots
Stlth    ..........             (no amulet)
HPRegen  0.28/turn              r - +3 ring of dexterity
MPRegen  0.08/turn              B - ring of see invisible

@: no status effects
A: retaliatory headbutt, claws 1, horns 3, blurry vision 1, clever 1, poison
resistance, weak 1
a: Berserk, Trog's Hand, Brothers in Arms, Renounce Religion


You were on level 2 of the Lair of Beasts.
You worshipped Trog.
Trog was extremely pleased with you.
You were not hungry.

You visited 2 branches of the dungeon, and saw 12 of its levels.
You also visited: Sewer.

You collected 686 gold pieces.

Inventory:

Hand Weapons
 f - the +7 battleaxe of Calamity {speed, rF- Str+2 Int+5}
   (Trog gifted it to you on level 6 of the Dungeon)

   Attacks with this weapon are significantly faster.
   It affects your strength (+2).
   It affects your intelligence (+5).
   It makes you vulnerable to fire.
 u - a +0 antimagic trident (weapon)
 A - a +8 antimagic broad axe
Armour
 i - a +0 cloak (worn)
 l - a +0 plate armour (worn)
 o - a +0 large shield (worn)
 x - a +0 pair of boots (worn)
Jewellery
 r - a +3 ring of dexterity (left claw)
 B - a ring of see invisible (right claw)
Scrolls
 b - 2 scrolls of fear
 g - 9 scrolls of identify
 h - 6 scrolls of teleportation
 j - 7 scrolls of remove curse
 k - a scroll of blinking
 m - a scroll of fog
Potions
 n - 2 potions of resistance
 q - 6 potions of curing
 v - a potion of might
Comestibles
 c - 6 rations


   Skills:
 + Level 11.0 Fighting
 + Level 16.4(16.5) Axes
 + Level 2.5(11.3) Polearms
 + Level 10.3 Armour
 + Level 3.8 Dodging
 + Level 0.6 Stealth
 + Level 5.7 Shields


You had 11 spell levels left.
You didn't know any spells.
Your spell library was empty.

Dungeon Overview and Level Annotations

Branches:
Dungeon (9/15)             Temple (0/1) D:5            Lair (3/6) D:9
  Swamp (0/4) Lair:2       Spider (0/4) Lair:2        Sewer (visited)
    Orc: D:9-12

Altars:
Fedhas
Nemelex Xobeh
Sif Muna
Uskayaw
Vehumet
Xom
Zin

Shops:
D:7 :


Innate Abilities, Weirdness & Mutations

You reflexively headbutt those who attack you in melee.
You have a pair of large horns on your head.
You have sharp fingernails.
Scrolls take you a little longer to read.
Your mind is acute. (Int +2)
Your system is resistant to poisons. (rPois)
You are weak. (Str -2)


Message History

* * * LOW HITPOINT WARNING * * *
The six-headed hydra bites you.
* * * LOW HITPOINT WARNING * * *
The six-headed hydra bites you but does no damage.
The six-headed hydra bites you.
* * * LOW HITPOINT WARNING * * *
The six-headed hydra bites you but does no damage.
The six-headed hydra bites you!
* * * LOW HITPOINT WARNING * * *
You turn to flesh and can move again.
There is a stone staircase leading down here.
You feel magic returning to you.
You feel magic leave you.
u - a +0 antimagic trident (weapon)
The six-headed hydra bites you but does no damage.
You block the six-headed hydra's attack.
The six-headed hydra bites you but does no damage.
The six-headed hydra bites you!
* * * LOW HITPOINT WARNING * * *
The six-headed hydra bites you.
You die...

##..#### ###.#.P..#...... ####
######......##...#
#...#....#.#######
#.....##.##.#
##....##....#####
#P..#####...#...# ##.##
###.....###
#######...#######.....##.
#.#.....@...##...........
#.......D...#............
#.....#.......<..#...##..
##...##......##..##..##..
####..#####.#....###.###..
###.#.†...##.....#..##.P#.).
###............#P####.<.......
##..#.......##P####
#P....).... #.#......#######
##........P


You could see a six-headed hydra.

Vanquished Creatures
  2 hydras (Lair:2)
  2 two-headed ogres
  An unseen horror (D:9)
  An orb spider (Lair:2)
  Maurice (D:9)
  2 black mambas (Lair:2)
  3 spiny frogs
  A rime drake (Lair:2)
  3 komodo dragons
  2 bog bodies (Lair:2)
  2 hippogriffs
  Sigmund (D:4)
  6 yaks (Lair:1)
  A wyvern (D:9)
  2 basilisks (Lair:2)
  3 water moccasins
  A porcupine (Lair:1)
  3 ice beasts
  6 orc warriors
  2 sky beasts
  9 ogres
  2 black bears
  3 phantoms
  3 centaurs
  8 wolves
  6 crocodiles
  A big kobold (D:9)
  Blork the orc (D:6)
  10 bullfrogs
  2 wyvern zombies
  A wyvern skeleton (D:9)
  4 scorpions
  6 killer bees (D:9)
  7 crimson imps
  A bullfrog zombie (D:7)
  3 hounds
  3 jellies
  17 orc wizards
  10 orc priests
  2 centaur skeletons
  Natasha (thrice) (D:4)
  An iguana (D:4)
  10 worker ants
  A hound skeleton (D:6)
  11 adders
  8 gnolls
  2 river rats (D:5)
  2 shadow imps (D:9)
  14 oozes
  An adder zombie (D:8)
  3 adder skeletons
  2 worms (D:5)
  17 leopard geckos
  54 orcs
  11 giant cockroaches
  12 goblins
  10 hobgoblins
  29 jackals
  13 ball pythons
  8 bats
  14 frilled lizards
  8 kobolds
  A quokka zombie (D:5)
  13 rats
  A fungus (Lair:2)
  36 plants (D:9)
429 creatures vanquished.

Vanquished Creatures (others)
  A plant (D:9)
1 creature vanquished.

Grand Total: 430 creatures vanquished

Notes
Turn   | Place    | Note
-------+----------+-------------------------------------------
     0 | D:1      | Dexcius the Minotaur Berserker began the quest for the Orb.
     0 | D:1      | Reached XP level 1. HP: 19/19 MP: 0/0
   199 | D:1      | Reached XP level 2. HP: 20/27 MP: 1/1
   277 | D:1      | Reached skill level 4 in Axes
   668 | D:1      | Reached ** piety under Trog
   829 | D:2      | Reached XP level 3. HP: 33/33 MP: 2/2
  1216 | D:3      | Reached XP level 4. HP: 41/41 MP: 3/3
  1300 | D:3      | Reached skill level 5 in Axes
  1324 | D:3      | Reached *** piety under Trog
  1623 | D:3      | Reached XP level 5. HP: 42/47 MP: 4/4
  1999 | D:4      | Reached skill level 6 in Axes
  2032 | D:4      | Reached skill level 5 in Fighting
  2042 | D:4      | Reached XP level 6. HP: 51/56 MP: 5/5
  2068 | D:4      | Noticed Sigmund
  2081 | D:4      | Killed Sigmund
  2081 | D:4      | Reached XP level 7. HP: 24/61 MP: 6/6
  2084 | D:4      | Reached skill level 7 in Axes
  2379 | D:4      | Noticed Natasha
  2388 | D:4      | Killed Natasha
  2577 | D:4      | Noticed Natasha
  2583 | D:4      | Killed Natasha
  2583 | D:4      | Reached skill level 5 in Armour
  2589 | D:4      | Noticed Natasha
  2598 | D:4      | Killed Natasha
  2760 | D:4      | Found a hide-covered altar of Uskayaw.
  2772 | D:4      | Found a radiant altar of Vehumet.
  2829 | D:5      | Entered Level 5 of the Dungeon
  2841 | D:5      | Reached skill level 8 in Axes
  2984 | D:5      | Reached **** piety under Trog
  3133 | D:5      | Found a blossoming altar of Fedhas.
  3150 | D:5      | Reached XP level 8. HP: 69/70 MP: 7/7
  3158 | D:5      | Found a staircase to the Ecumenical Temple.
  3187 | D:5      | Reached skill level 9 in Axes
  3470 | D:5      | Found a glowing drain.
  3487 | Sewer    | Entered a sewer
  3559 | Sewer    | Reached ***** piety under Trog
  3739 | Sewer    | Reached skill level 10 in Axes
  3825 | D:5      | Gained mutation: You are weak. (Str -2) [potion of
                  | mutation]
  3825 | D:5      | Gained mutation: Your system is resistant to poisons.
                  | (rPois) [potion of mutation]
  3825 | D:5      | Gained mutation: You tend to lose your temper in combat.
                  | [potion of mutation]
  3825 | D:5      | Gained mutation: You evolve. [potion of mutation]
  3901 | D:6      | Noticed Blork the orc
  3907 | D:6      | Killed Blork the orc
  3982 | D:6      | Lost mutation: You tend to lose your temper in combat.
                  | [potion of mutation]
  3982 | D:6      | Lost mutation: You evolve. [potion of mutation]
  3982 | D:6      | Gained mutation: You have sharp fingernails. [potion of
                  | mutation]
  3982 | D:6      | Gained mutation: Your mind is acute. (Int +2) [potion of
                  | mutation]
  3982 | D:6      | Gained mutation: Scrolls take you a little longer to read.
                  | [potion of mutation]
  3982 | D:6      | Gained mutation: You have a pair of large horns on your
                  | head. [potion of mutation]
  4001 | D:6      | Received a gift from Trog
  4004 | D:6      | Got an ancient battleaxe {god gift}
  4005 | D:6      | Identified the +7 battleaxe of Calamity {speed, rF- Str+2
                  | Int+5} (Trog gifted it to you on level 6 of the Dungeon)
  4207 | D:6      | Reached XP level 9. HP: 73/79 MP: 8/8
  4363 | D:6      | Reached skill level 11 in Axes
  4527 | D:6      | Reached skill level 12 in Axes
  4902 | D:7      | Reached skill level 13 in Axes
  5077 | D:7      | Found Irehiqis's Book Emporium.
  5119 | D:7      | Reached XP level 10. HP: 90/90 MP: 9/9
  5197 | D:7      | Found a shimmering altar of Xom.
  5197 | D:7      | Found a glowing silver altar of Zin.
  5197 | D:7      | Noticed an angel
  5478 | D:8      | Found a shimmering blue altar of Sif Muna.
  5684 | D:8      | Received a gift from Trog
  5760 | D:8      | Reached skill level 14 in Axes
  5836 | D:8      | Noticed a two-headed ogre
  5845 | D:8      | Killed a two-headed ogre
  6448 | D:9      | Found a sparkling altar of Nemelex Xobeh.
  6484 | D:9      | Noticed Maurice
  6493 | D:9      | Killed Maurice
  6499 | D:9      | Reached skill level 1 in Shields
  6650 | D:9      | Found a staircase to the Lair.
  6660 | D:9      | Reached skill level 15 in Axes
  6893 | D:9      | Noticed a two-headed ogre
  6901 | D:9      | Killed a two-headed ogre
  6901 | D:9      | Reached ****** piety under Trog
  6901 | D:9      | Reached XP level 11. HP: 63/99 MP: 10/10
  6941 | D:9      | Killed an unseen horror
  7293 | D:9      | Reached skill level 10 in Fighting
  7455 | Lair:1   | Entered Level 1 of the Lair of Beasts
  8619 | Lair:2   | Received a gift from Trog
  8644 | Lair:2   | Found a hole to the Spider Nest.
  8644 | Lair:2   | Noticed an orb spider
  8675 | Lair:2   | Killed an orb spider
  8675 | Lair:2   | Reached skill level 16 in Axes
  8693 | Lair:2   | Found a staircase to the Swamp.
  8721 | Lair:2   | Noticed an eight-headed hydra
  8731 | Lair:2   | Killed an eight-headed hydra
  9115 | Lair:2   | Noticed a six-headed hydra
  9127 | Lair:2   | Killed a six-headed hydra
  9127 | Lair:2   | Reached skill level 1 in Polearms
  9127 | Lair:2   | Reached skill level 5 in Shields
  9141 | Lair:2   | Reached skill level 10 in Armour
  9532 | Lair:2   | Reached XP level 12. HP: 60/110 MP: 3/11
 10125 | Lair:3   | Noticed a six-headed hydra
 10147 | Lair:2   | HP: 4/110 [six-headed hydra (8)]
 10147 | Lair:2   | Slain by a six-headed hydra

Levels and vault maps discovered:
D:1:      psy_arrival_basics, layout_loops_cross, minmay_tromino_v7
D:2:      layout_rooms
D:3:      layout_rooms, first_ration, guppyfry_early_orc_mine
D:4:      layout_rooms, amethyst_overflow_temple_binary, uniq_sigmund,
          uniq_natasha
D:5:      layout_basic, minmay_temple_entry_statues_fountains,
          portal_sewer_entry_e, fedhas_altar_2
D:6:      layout_loops_ring, nzn_random_ring, uniq_blork_the_orc
D:7:      layout_basic, grunt_temple_overflow_order_and_chaos_1, serial_shops,
          nicolae_shop_window_shopping
D:8:      layout_cave_pods, lemuel_coloured_pillars_altar
D:9:      layout_long_grid, nicolae_overflow_crystal_walls, david_lair_shrubbed,
          uniq_maurice
Lair:1:   layout_chaotic_city, grunt_megastairs_1
Lair:2:   layout_misc_corridors, skrybe_swamp_entry_bodies,
          nicolae_spider_entry_orb_guardian
Lair:3:   layout_gridlike

Skill      XL: |  1  2  3  4  5  6  7  8  9 10 11 |
---------------+----------------------------------+-----
Fighting       | 4 5 6 7 8 9 11 | 11.0
Axes           | 4 5 6 8 10 13 15 16 | 16.4
Dodging        | 3 |  3.8
Armour         | 3 4 5 6 7 8 10 | 10.3
Shields        | 2 5 |  5.7
Polearms       | 2 |  2.5
Stealth        | |  0.6

Action                   |  1- 3 |  4- 6 |  7- 9 | 10-12 || total
-------------------------+-------+-------+-------+-------++-------
Melee: Hand axe          |    83 |    79 |       |       ||   162
       Headbutt          |    10 |    12 |    74 |   107 ||   203
       War axe           |       |    29 |   265 |       ||   294
       Battleaxe         |       |       |   120 |    59 ||   179
       Broad axe         |       |       |       |   311 ||   311
       Trident           |       |       |       |    34 ||    34
  Use: Potion            |     4 |     1 |     3 |     2 ||    10
       Scroll            |       |     1 |     1 |    11 ||    13
 Stab: Invisible         |     1 |       |       |       ||     1
  Eat: Ration            |     1 |       |     4 |     4 ||     9
Armor: Animal skin       |    16 |       |       |       ||    16
       Scale mail        |     3 |    45 |       |       ||    48
       Plate armour      |       |    16 |   185 |   209 ||   410
Dodge: Dodged            |    72 |    58 |   134 |    56 ||   320
Block: Large shield      |       |       |       |   192 ||   192
